 Dungeon Crawl Stone Soup version 0.7.1-16-gde135da character file.

182 Ereshkigal the Grappler (level 4, -2/61 HPs)
             Began as a Troll Berserker on Aug 15, 2010.
             Was a Priest of Trog.
             Slain by a midge (4 damage)
             ... summoned by a neqoxec
             ... summoned by a kobold demonologist
             ... in the Dungeon (Sprint III: "The Ten Rune Challenge").
             The game lasted 00:00:51 (184 turns).

Ereshkigal the Grappler (Troll Berserker)            Turns: 184, Time: 00:00:51

HP  -2/61        AC  5     Str 30 Exp: 4/199 (0), need: 10
MP   1/1         EV 11     Int  3      God: Trog [***...]
Gold 43          SH  0     Dex 10      Spells:  0 memorised,  3 levels left

Res.Fire  : . . .   See Invis. : .     - Unarmed
Res.Cold  : . . .   Warding    : .   b - +0 animal skin
Life Prot.: . . .   Conserve   : .   (shield restricted)
Res.Poison: .       Res.Corr.  : .   (helmet restricted)
Res.Elec. : .       Clarity    : .   (no cloak) Spirit.Shd: . Stasis : .
                                     (gloves unavailable)
Sust.Abil.: . .     Rnd.Telep. : .   (boots unavailable)
Res.Mut.  : .       Ctrl.Telep.: .   (no amulet)
Res.Rott. : .       Levitation : .   (no ring)
Gourmand  : +       Ctrl.Flight: .   (no ring)

@: mighty, berserking, very quick, hasted, slightly resistant to hostile
enchantments, extremely unstealthy
A: unfitting armour, claws 3, fast metabolism 3, gourmand, sense surroundings 1,
regeneration 2, saprovore 2, tough skin 2, AC +1
a: Burn Spellbooks, Berserk, Trog's Hand, Renounce Religion


You were in the Dungeon.
You worshipped Trog.
Trog was greatly pleased with you.
You were not hungry.

You visited 1 branch of the dungeon, and saw 1 of its levels.

You collected 23 gold pieces.

Inventory:

Armour
 b - a +0 animal skin (worn)
Comestibles
 a - 2 meat rations
 s - a bread ration
Scrolls
 h - a scroll of blinking
 j - 2 scrolls of immolation {unknown}
 k - a scroll of recharging {unknown}
 l - a scroll of remove curse {unknown}
 q - a scroll of identify {unknown}
 r - a scroll of paper {unknown}
Potions
 c - a potion of healing
 d - a potion of heal wounds
 e - a potion of speed
 f - 2 potions of magic
 g - a potion of berserk rage
 i - a potion of decay {unknown}
 n - 2 potions of cure mutation {unknown}
 o - a potion of experience {unknown}
 p - a potion of mutation {unknown}
 t - a potion of levitation {unknown} You had 0 experience left.


   Skills:
 + Level 3 Fighting
 + Level 4 Dodging
 - Level 1 Stealth
 + Level 8 Unarmed Combat


You had 3 spell levels left.
You didn't know any spells.

Dungeon Overview and Level Annotations

Branches:
Dungeon (1/1)

Altars:
Kikubaaqudgha
Sif Muna
Vehumet


Innate Abilities, Weirdness & Mutations

You are too large for most types of armour.
You have claws for hands.
Your metabolism is lightning-fast.
You like to eat raw meat.
You heal very quickly.
You can eat rotten meat.
You are covered in fur (AC +1).
You have very tough skin (AC +2).
You passively map a small area around you.


Message History

The ufetubus misses you.
You claw the ufetubus!
You kill the ufetubus!
You claw the ufetubus!
You kill the ufetubus!
You miss the midge. The midge hits you.
The midge blinks!
The midge blinks!
You die...

....%..#..#..#
#.##...#..#..###+#+###
, ,
#.###..##'#..#........
##.##..###...'.}.......
..##..####...#...#####*
..##..###....#.}.#
.##...##.....#...# ,
##....#......#####__ ,
##..##.#.....#.@.# ,
#%.#####....#5__# ,+
#### ########## * ,
~+** * ~ ~ , , * ~ * *
* * +** * *


You could see a midge.

Vanquished Creatures
  A ynoxinul (D)
  A neqoxec (D)
  A water elemental (D)
  A wizard (D)
  A human (D)
  A kobold demonologist (D)
  A wolf (D)
  2 giant mites (D)
  2 ufetubi (D)
  2 grey rats (D)
13 creatures vanquished.

Notes
Turn   | Place    | Note
--------------------------------------------------------------
     0 | D        | Ereshkigal, the Troll Berserker, began the quest for the Orb.
     0 | D        | Reached XP level 1. HP: 18/18 MP: 0/0
    23 | D        | Reached skill 4 in Unarmed Combat
    23 | D        | Acquired Trog's second power
    23 | D        | Reached XP level 2. HP: 25/25 MP: 0/0
    28 | D        | Reached skill 5 in Unarmed Combat
    50 | D        | Reached XP level 3. HP: 13/33 MP: 1/1
   102 | D        | Reached skill 1 in Stealth
   113 | D        | Reached skill 6 in Unarmed Combat
   114 | D        | Reached XP level 4. HP: 40/40 MP: 1/1
   163 | D        | Noticed a wizard
   163 | D        | Found a radiant altar of Vehumet.
   163 | D        | Found a deep blue altar of Sif Muna.
   163 | D        | Found an ancient bone altar of Kikubaaqudgha.
   164 | D        | Reached skill 7 in Unarmed Combat
   165 | D        | Noticed a kobold demonologist
   165 | D        | Defeated a wizard
   167 | D        | Reached skill 8 in Unarmed Combat
   167 | D        | Defeated a kobold demonologist
   175 | D        | Gained mutation: You passively map a small area around you.
   180 | D        | HP: 1/61 [ufetubus[a kobold demonologist] (4)]
   184 | D        | Slain by a midge
